 Dungeon Crawl Stone Soup version 0.13.1-20-gf50ca03 (webtiles) character file.

312 Nicoed the Chopper (level 5, -3/46 HPs)
             Began as a Minotaur Berserker on Dec 29, 2013.
             Was a Priest of Trog.
             Shot with an arrow by a centaur (13 damage)
             ... on Level 3 of the Dungeon.
             The game lasted 00:05:22 (1644 turns).

Nicoed the Chopper (Minotaur Berserker)             Turns: 1644, Time: 00:05:22

HP  -3/46        AC  8     Str 23      XL: 5   Next: 43%
MP   1/1         EV  9     Int  4      God: Trog [***...]
Gold 119         SH  0     Dex  9      Spells:  0 memorised,  4 levels left

Res.Fire  : . . .   See Invis. : .   o - +0,+1 dwarf battleaxe
Res.Cold  : . . .   Warding    : .   a - +2 scale mail
Life Prot.: . . .   Conserve   : .   (no shield)
Res.Poison: .       Res.Corr.  : .   (helmet restricted)
Res.Elec. : .       Clarity    : .   (no cloak)
Sust.Abil.: . .     Spirit.Shd : .   (no gloves)
Res.Mut.  : .       Stasis     : .   (no boots)
Res.Rott. : .       Flight     : .   (no amulet)
Saprovore : . . .                    (no ring)
                                     (no ring)

@: slightly resistant to hostile enchantments, extremely unstealthy
A: retaliatory headbutt, horns 2
a: Burn Spellbooks, Berserk, Trog's Hand, Renounce Religion


You were on level 3 of the Dungeon.
You worshipped Trog.
Trog was most pleased with you.
You were not hungry.

You visited 1 branch of the dungeon, and saw 3 of its levels.

You collected 99 gold pieces.

Inventory:

Hand weapons
 o - a +0,+1 dwarven battleaxe (weapon)
Armour
 a - a +2 scale mail (worn)
Comestibles
 m - a pear
 n - a cheese
 r - a meat ration
Scrolls
 b - a scroll of magic mapping {unknown}
 c - a scroll of enchant weapon II {unknown}
 d - a scroll of enchant armour {unknown}
 f - a scroll of teleportation {unknown}
 h - 2 scrolls of curse armour {unknown}
 j - a scroll of curse jewellery {unknown}
 k - a scroll of random uselessness {unknown}
 q - 3 scrolls of identify {unknown}
 t - a scroll of enchant weapon III {unknown}
Jewellery
 u - an uncursed ring of positive energy {unknown}
Potions
 e - 2 potions of curing
 g - a potion of speed {unknown}
 i - a potion of magic {unknown}
 l - 2 potions of restore abilities {unknown}
 p - a potion of might {unknown}
 s - 2 potions of heal wounds {unknown}


   Skills:
 + Level 4.7 Fighting
 + Level 4.9 Axes
 + Level 3.4 Armour
 + Level 4.0 Dodging
 + Level 0.3 Stealth


You had 4 spell levels left.
You didn't know any spells.

Dungeon Overview and Level Annotations

Branches:
Dungeon (3/27)

Altars:
Elyvilon
Fedhas
Trog


Innate Abilities, Weirdness & Mutations

You reflexively headbutt those who attack you in melee.
You have a pair of horns on your head.


Message History

The centaur shoots an arrow.
The arrow misses you.
The centaur shoots an arrow.
The arrow hits you!
You see here 3 arrows.
The centaur shoots an arrow.
The arrow misses you.
The hobgoblin hits you but does no damage.
You see here an arrow.
The centaur shoots an arrow.
The arrow hits you!
The centaur shoots an arrow.
The arrow misses you.
You see here 2 arrows.
You hit the hobgoblin. You headbutt the hobgoblin.
You kill the hobgoblin!
Trog accepts your kill.
The centaur wields an uncursed bow.
The centaur shoots an arrow.
The arrow hits you!
* * * LOW HITPOINT WARNING * * *
Things that are here:
an arrow; a club; a hobgoblin corpse The centaur shoots an arrow.
The arrow misses you.
The centaur shoots an arrow.
The arrow hits you!
You die...

#..# .. #..##... ...
#..##...# ....
#..##...# . ....
#..##...# ..# ....
#..##...##..# .....
#..##.......# .....
#((##..............
#(@....PPP.P.......
#("((((PcP.P.......
#......PP_PP.......
#.....(PPPP........
#.......PP.........
#..................
#......##..........
........##..........
....................


You could see a centaur.

Vanquished Creatures
  An orc priest (D:3)
  A scorpion (D:3)
  2 orc wizards (D:3)
  4 adders (D:2)
  A worm (D:2)
  5 orcs (D:3)
  4 bats
  2 giant cockroaches
  3 goblins
  9 hobgoblins
  2 jackals (D:2)
  4 kobolds
  A quokka (D:2)
  3 giant newts
  8 rats
50 creatures vanquished.

Notes
Turn   | Place    | Note
--------------------------------------------------------------
     0 | D:1      | Nicoed, the Minotaur Berserker, began the quest for the Orb.
     0 | D:1      | Reached XP level 1. HP: 19/19 MP: 0/0
   233 | D:1      | Reached XP level 2. HP: 17/26 MP: 0/0
   585 | D:2      | Acquired Trog's second power
   606 | D:2      | Reached skill level 4 in Fighting
   606 | D:2      | Reached XP level 3. HP: 15/33 MP: 1/1
  1095 | D:2      | Found a bloodstained altar of Trog.
  1146 | D:2      | Reached XP level 4. HP: 36/40 MP: 1/1
  1273 | D:3      | Found a white marble altar of Elyvilon.
  1322 | D:3      | Reached XP level 5. HP: 42/46 MP: 1/1
  1619 | D:3      | Found a blossoming altar of Fedhas.
  1629 | D:3      | Noticed a centaur
  1644 | D:3      | Shot with an arrow by a centaur

Action                   |  1- 3 |  4- 6 || total
-------------------------+-------+-------++-------
Melee: Hand axe          |    42 |       ||    42
       Battleaxe         |    26 |    27 ||    53
  Use: Potion            |       |     1 ||     1
